 Dungeon Crawl Stone Soup version 0.21.0-3-g78d12a8 (webtiles) character file.

2071 Megalobster the Spear-Bearer (level 9, -5/69 HPs)
             Began as a Merfolk Gladiator on Jan 15, 2018.
             Was an Initiate of Yredelemnul.
             Slain by an ice beast (8 damage)
             ... on level 7 of the Dungeon.
             The game lasted 00:19:03 (7092 turns).

Megalobster the Spear-Bearer (Merfolk Gladiator)    Turns: 7092, Time: 00:19:03

Health: -5/69      AC:  8    Str: 12    XL:     9   Next: 26%
Magic:  0/9        EV: 14    Int:  7    God:    Yredelemnul [......]
Gold:   416        SH:  9    Dex: 21    Spells: 8/8 levels left

rFire    x . .     SeeInvis .   a - +0 trident
rCold    . . .     Gourm    .   y - +0 shield
rNeg     . . .     Faith    .   C - +1 ring mail of Vudaih {rF- MR+++ Str-5 Dex+5} (curse)
rPois    .         Spirit   +   c - +0 helmet
rElec    .         Reflect  .   (no cloak)
rCorr    .         Harm     .   s - +0 pair of gloves
MR       +++..                  (no boots)
Stlth    +.........             B - amulet of guardian spirit
HPRegen  0.21/turn              (no ring)
MPRegen  0.11/turn              (no ring)

@: no status effects
A: change form in water, swift swim, stealthy swim
a: Renounce Religion


You were on level 7 of the Dungeon.
You worshipped Yredelemnul.
Yredelemnul was noncommittal.
You were not hungry.

You visited 2 branches of the dungeon, and saw 8 of its levels.
You also visited: Sewer.

You collected 483 gold pieces.
You paid 67 gold pieces to Gozag.

Inventory:

Hand Weapons
 a - a +0 trident (weapon)
Missiles
 d - 2 throwing nets (quivered) {!f}
 q - 2 tomahawks
 t - 2 javelins
 A - 8 steel tomahawks
Armour
 b - a +0 leather armour
 c - a +0 helmet (worn)
 i - a +1 robe of cold resistance
 s - a +0 pair of gloves (worn)
 w - a +0 pair of gloves
 x - a +0 chain mail
 y - a +0 shield (worn)
 z - a +0 ring mail
 C - the cursed +1 ring mail of Vudaih (worn) {rF- MR+++ Str-5 Dex+5}
   (You found it on level 6 of the Dungeon)

   It affects your strength (-5).
   It affects your dexterity (+5).
   It makes you vulnerable to fire.
   It affects your resistance to hostile enchantments.
   It has a curse placed upon it.
 D - a +0 leather armour
Jewellery
 B - an amulet of guardian spirit (around neck)
Wands
 m - a wand of acid (6)
Scrolls
 e - a scroll of immolation
 g - a scroll of fear
 h - 2 scrolls of teleportation
 j - 3 scrolls of identify {@r1}
 l - 3 scrolls of magic mapping
 n - 2 scrolls of blinking
 p - a scroll of remove curse {@r2}
 u - 2 scrolls of enchant armour {unknown}
Potions
 k - a potion of ambrosia
 o - 3 potions of curing {unknown}
 r - 2 potions of heal wounds {unknown}
Books
 v - a book of Air

   Spells                             Type                      Level
   a - Shock                          Conjuration/Air              1
   b - Swiftness                      Charms/Air                   2
   c - Static Discharge               Conjuration/Air              3
   d - Airstrike                      Air                          4
   e - Lightning Bolt                 Conjuration/Air              5
Comestibles
 f - 7 rations


   Skills:
 + Level 6.1 Fighting
 * Level 11.5 Polearms
 - Level 2.0 Throwing
 + Level 2.2 Armour
 * Level 8.1 Dodging
 + Level 3.4 Shields
 * Level 0.3 Invocations


You had 8 spell levels left.
You didn't know any spells.

Dungeon Overview and Level Annotations

Branches:
Dungeon (7/15)             Temple (1/1) D:6

Altars:
Ashenzari
Cheibriados
Elyvilon
Gozag
Hepliaklqana
Kikubaaqudgha
Makhleb
Nemelex Xobeh
Okawaru
Qazlal
Ru
Uskayaw
Vehumet
Wu Jian
Xom
Yredelemnul
Zin


Message History

You hit the ice beast but do no damage. The ice beast hits you.
The ice beast freezes you!
* * * LOW HITPOINT WARNING * * *
An orc wizard comes into view. It is wielding a dagger.
You take 12 damage, and have 17/69 hp.
You now have 5/9 mp.
You hit the ice beast but do no damage. The ice beast hits you.
* * * LOW HITPOINT WARNING * * *
The ice beast freezes you!
* * * LOW HITPOINT WARNING * * *
You hit the ice beast.
The ice beast is lightly wounded.
You block the ice beast's attack.
You take 10 damage, and have 7/69 hp.
You now have 1/9 mp.
You hit the ice beast but do no damage.
The ice beast is lightly wounded.
The ice beast closely misses you. The ice beast hits you.
* * * LOW HITPOINT WARNING * * *
The ice beast freezes you!
You die...
Your body rises from the dead as a mindless zombie.

#o# #r# #o# #o# #o#
#F# #Y# #@####### ##
#........ .# #..######
.# ##.# #.######
######.########.......
.....[..........# #<
..##.##.#.#####.# #. #
#.#.#####.# #.
..........# #)


You could see an ice beast (berserk), a bullfrog, an orc wizard, 3 orcs and a
quokka.

Vanquished Creatures
  The ghost of happinesssam the Insei, a novice GnTm (D:5)
  An orc warrior (D:6)
  A sky beast (D:6)
  An ice beast (D:5)
  3 ogres
  2 centaurs (D:6)
  4 bullfrogs
  A scorpion (D:6)
  3 crimson imps
  A centaur skeleton (D:6)
  3 hounds
  A jelly (D:5)
  5 orc wizards
  A worker ant (D:4)
  3 hound skeletons
  A worker ant zombie (D:5)
  12 adders
  A shadow imp (D:6)
  10 oozes (Sewer)
  7 worms
  5 dart slugs
  10 leopard geckos
  14 orcs
  11 bats
  21 giant cockroaches
  12 goblins
  7 hobgoblins
  2 jackals (D:3)
  8 kobolds
  3 quokkas
  7 ball pythons
  13 frilled lizards
  5 rats
180 creatures vanquished.

Notes
Turn   | Place    | Note
-------+----------+-------------------------------------------
     0 | D:1      | Megalobster the Merfolk Gladiator began the quest for the Orb.
     0 | D:1      | Reached XP level 1. HP: 16/16 MP: 1/1
    66 | D:1      | Reached XP level 2. HP: 10/23 MP: 2/2
   333 | D:1      | Reached skill level 5 in Polearms
   454 | D:1      | Reached XP level 3. HP: 27/28 MP: 3/3
   884 | D:2      | Found a shimmering altar of Xom.
  1002 | D:2      | Reached XP level 4. HP: 34/34 MP: 4/4
  1212 | D:2      | Reached skill level 6 in Polearms
  1954 | D:3      | Found a burning altar of Makhleb.
  1984 | D:3      | Reached skill level 5 in Dodging
  2097 | D:3      | Reached XP level 5. HP: 41/41 MP: 5/5
  2173 | D:3      | Found a glowing drain.
  2192 | Sewer    | Entered a sewer
  2673 | Sewer    | Reached skill level 7 in Polearms
  2884 | Sewer    | Reached XP level 6. HP: 48/48 MP: 6/6
  2954 | Sewer    | Reached skill level 8 in Polearms
  3278 | D:3      | Found a white marble altar of Elyvilon.
  3585 | D:4      | Reached XP level 7. HP: 31/55 MP: 7/7
  4019 | D:4      | Reached skill level 9 in Polearms
  4435 | D:5      | Entered Level 5 of the Dungeon
  4498 | D:5      | Reached skill level 5 in Fighting
  4505 | D:5      | Found an ornate altar of the Wu Jian Council.
  4524 | D:5      | Reached XP level 8. HP: 34/62 MP: 8/8
  4878 | D:5      | Reached skill level 10 in Polearms
  4907 | D:5      | Noticed happinesssam's ghost (novice GnTm)
  4982 | D:5      | Reached skill level 1 in Armour
  5396 | D:5      | Killed happinesssam's ghost
  5396 | D:5      | Reached skill level 1 in Shields
  5676 | D:5      | Found an opulent altar of Gozag.
  5682 | D:5      | Became a worshipper of Gozag Ym Sagoz the Greedy
  5947 | D:6      | Reached skill level 11 in Polearms
  6082 | D:6      | Got a polished ring mail
  6126 | D:6      | Identified the cursed +1 ring mail of Vudaih {rF- MR+++ Str-5 Dex+5} (You found it on level 6 of the Dungeon)
  6269 | D:6      | Reached XP level 9. HP: 56/69 MP: 7/9
  6483 | D:6      | Found a staircase to the Ecumenical Temple.
  6888 | Temple   | Entered the Ecumenical Temple
  6895 | Temple   | Fell from the grace of Gozag
  6895 | Temple   | Became a worshipper of Yredelemnul the Dark
  7092 | D:7      | HP: 3/69 [ice beast (5)]
  7092 | D:7      | Slain by an ice beast

Skill      XL: |  1  2  3  4  5  6  7  8  9 |
---------------+----------------------------+-----
Polearms       | 5 6 7 8 9 11 | 11.5
Fighting       | 3 4 5 6 |  6.1
Dodging        | 5 6 7 8 |  8.1
Armour         | 2 |  2.2
Shields        | 2 3 |  3.4
Throwing       | |  2.0
Invocations    | |  0.3

Action                   |  1- 3 |  4- 6 |  7- 9 || total
-------------------------+-------+-------+-------++-------
Melee: Trident           |   109 |   320 |   321 ||   750
       Tailslap          |       |    18 |       ||    18
Throw: Throwing net      |       |       |     2 ||     2
Invok: Potion Petition   |       |       |     1 ||     1
  Use: Scroll            |       |       |     7 ||     7
       Potion            |       |       |     2 ||     2
 Stab: Sleeping          |     4 |     4 |     1 ||     9
  Eat: Chunk             |       |     8 |     4 ||    12
       Ration            |       |     1 |     2 ||     3
Armor: Leather armour    |    26 |    61 |    27 ||   114
       Ring mail         |       |       |    16 ||    16
Dodge: Dodged            |    60 |   179 |   140 ||   379
Block: Shield            |       |       |    14 ||    14
